 Dungeon Crawl Stone Soup version 0.27-a0-679-g77a6b55cf3 (webtiles) character file.

Game seed: 15874548532336726834

1578 kae the Ruffian (level 8, -2/86 HPs)
             Began as a Naga Transmuter on Mar 18, 2021.
             Was a Believer of Cheibriados.
             Slain by a vampire (12 damage)
             ... on level 7 of the Dungeon.
             The game lasted 00:05:28 (6965 turns).

kae the Ruffian (Naga Transmuter)                   Turns: 6965, Time: 00:05:28

Health: -2/86      AC:  5    Str: 19    XL:     8   Next: 91%
Magic:  3/14       EV: 11    Int: 17    God:    Cheibriados [**....]
Gold:   428        SH:  0    Dex: 16    Spells: 2/15 levels left

rFire    x . .     SeeInvis +     - Unarmed
rCold    + + +     Faith    .   (shield currently unavailable)
rNeg     . . .     Spirit   .   (armour currently unavailable)
rPois    +         Reflect  .   (helmet currently unavailable)
rElec    .         Harm     .   (cloak currently unavailable)
rCorr    .         Rampage  .   (gloves currently unavailable)
Will     +....                  (no barding)
Stlth    +.........             (no amulet)
HPRegen  0.24/turn              (no ring)
MPRegen  0.14/turn              (no ring)

@: ice-form, contaminated, glowing, very slow
A: freezing attack, amphibious, boosted hp, AC +2, large, see invisible,
(deformed body), (poison resistance), (slowness 2), spit poison 1, (naga tail 1)
a: Spit Poison, End Transformation, Renounce Religion, Bend Time


You were on level 7 of the Dungeon.
You worshipped Cheibriados.
Cheibriados was pleased with you.
You were a creature of crystalline ice.
You visited 2 branches of the dungeon, and saw 8 of its levels.

You collected 428 gold pieces.

Inventory:

Armour
 a - a +0 robe (melded)
 b - a scarf of repulsion (melded)
 e - the +10 Black Knight's barding (melded) {ponderous, rPois rN+}
   (You acquired it on level 2 of the Dungeon)

   It protects you from poison.
   It protects you from negative energy.
Jewellery
 o - an amulet of guardian spirit
Wands
 k - a wand of flame (40)
Scrolls
 h - 5 scrolls of identify
 j - a scroll of teleportation
 l - a scroll of enchant weapon {unknown}
 n - a scroll of noise {unknown}
 q - a scroll of fog {unknown}
Potions
 c - 4 potions of lignification
 d - 3 potions of curing
 f - a potion of degeneration
 g - 2 potions of brilliance {unknown}
 i - a potion of heal wounds {unknown}
 m - a potion of resistance {unknown}
 p - a potion of invisibility {unknown}


   Skills:
 + Level 4.1 Fighting
 + Level 3.6 Dodging
 * Level 6.6 Unarmed Combat
 + Level 4.1 Spellcasting
 * Level 6.1 Transmutations


You had 2 spell levels left.
You knew the following spells:

 Your Spells              Type           Power      Damage    Failure   Level
a - Beastly Appendage     Tmut           48%        N/A       1%          1
b - Spider Form           Tmut/Pois      6%         N/A       13%         3
c - Ice Form              Ice/Tmut       13%        N/A       41%         4
d - Blade Hands           Tmut           12%        N/A       34%         5

Your spell library contained the following spells:

 Spells                   Type           Power      Damage    Failure   Level
 Wereblood                Tmut           24%        N/A       1%          2
 Animate Skeleton         Necr           6%         N/A       16%         1
 Apportation              Tloc           6%         N/A       16%         1
 Corona                   Hex            3%         N/A       16%         1
 Summon Small Mammal      Summ           12%        N/A       16%         1
 Metabolic Englaciation   Hex/Ice        1%         N/A       99%         5
 Freezing Cloud           Conj/Ice/Air   1%         6-21      100%        6
 Simulacrum               Ice/Necr       1%         N/A       100%        6
 Ozocubu's Refrigeration  Ice            1%         4d5       100%        7


Dungeon Overview and Level Annotations

Branches:
Dungeon (7/15)             Temple (1/1) D:4

Altars:
Cheibriados
Dithmenos
Elyvilon
Fedhas
Gozag
Hepliaklqana
Kikubaaqudgha
Makhleb
Nemelex Xobeh
Okawaru
Qazlal
Ru
Sif Muna
Trog
Uskayaw
Vehumet
Wu Jian
Xom
Yredelemnul
Zin
The Shining One


Innate Abilities, Weirdness & Mutations

You are a creature of crystalline ice.
You have a powerful freezing melee attack.
You are amphibious.
Your maximum health is increased.
Your armour is entirely melded.
You are incapable of wielding weapons or throwing items.
((Your serpentine skin is tough. (AC +2)))
You have supernaturally acute eyesight. (SInv)
((Armour fits poorly on your strangely shaped body.))
((Your system is resistant to poisons. (rPois)))
((You cover ground very slowly.))
You can spit poison.
((You have a snake-like lower body.))


Message History

You turn into a creature of crystalline ice.
Your scarf of repulsion melds into your body.
The +10 Black Knight's barding {ponderous, rPois rN+} melds into your body.
Your +0 robe melds into your body.
The haze of the repulsion field disappears.
That put a bit of spring back into your slither.
The vampire hits you. The vampire barely misses you.
You hit the vampire but do no damage.
The vampire is lightly damaged.
The vampire hits you! The vampire closely misses you.
You hit the vampire.
The vampire is lightly damaged.
The vampire hits you! The vampire barely misses you.
You are too injured to fight recklessly!
You are too injured to fight recklessly!
You hit the vampire.
The vampire is moderately damaged.
The vampire barely misses you. The vampire closely misses you.
You hit the vampire but do no damage.
The vampire is moderately damaged.
You hit the vampire.
The vampire is moderately damaged.
The vampire hits you. The vampire bites you!
The vampire draws strength from your injuries!
You hit the vampire.
The vampire is moderately damaged.
The vampire hits you!
* * * LOW HITPOINT WARNING * * *
The vampire bites you.
* * * LOW HITPOINT WARNING * * *
The vampire draws strength from your injuries!
You barely miss the vampire.
The vampire is moderately damaged.
The vampire hits you!
* * * LOW HITPOINT WARNING * * *
The vampire barely misses you.
You punch the vampire!
The vampire is heavily damaged.
The vampire hits you!
You die...

#......#.#
#......#.######.
..
................
..
#......#........
.#
####'###.#######
.##
............... Z.
###.###.####### Z#
#.#
#.#########o####.#
#†.....†.YVo.....#
#'################
.... .......
#<.......
#.........
#.###'##### #.
##.##########
............#


You could see a vampire (invisible) and 2 orcs.

Vanquished Creatures
  Grinder (D:4)
  Eustachio (D:6)
  A water moccasin (D:6)
  An orc warrior (D:7)
  2 sky beasts
  2 bullfrogs (D:7)
  3 scorpions
  2 wights (D:7)
  4 orc priests
  2 hounds (D:4)
  An iguana (D:5)
  3 worker ants
  2 orc wizards
  A howler monkey zombie (D:6)
  5 adders
  A shadow imp (D:5)
  A white imp (D:5)
  An ufetubus (D:5)
  An ooze (D:5)
  2 worms
  3 leopard geckos
  6 orcs
  5 giant cockroaches
  10 goblins
  8 hobgoblins
  13 jackals
  A quokka (D:3)
  A ball python (D:2)
  5 bats
  9 frilled lizards
  A jackal zombie (D:5)
  3 kobolds
  A leopard gecko skeleton (D:4)
  A leopard gecko zombie (D:7)
  A quokka skeleton (D:4)
  A quokka zombie (D:5)
  9 rats
115 creatures vanquished.

Notes
Turn   | Place    | Note
-------+----------+-------------------------------------------
     0 | D:1      | kae the Naga Transmuter began the quest for the Orb.
     0 | D:1      | Reached XP level 1. HP: 18/18 MP: 3/3
   439 | D:1      | Reached XP level 2. HP: 15/25 MP: 3/5
  1436 | D:2      | Reached XP level 3. HP: 31/31 MP: 6/6
  2128 | D:2      | Identified a scroll of acquirement
  2128 | D:2      | Acquired the +10 Black Knight's barding {ponderous, rPois
                  | rN+}
  2129 | D:2      | Found the +10 Black Knight's barding {ponderous, rPois rN+}
  2345 | D:2      | Reached XP level 4. HP: 38/38 MP: 7/7
  2790 | D:3      | Noticed a sky beast
  2811 | D:3      | Killed a sky beast
  2812 | D:3      | Reached XP level 5. HP: 19/45 MP: 8/8
  2983 | D:3      | Found an opulent altar of Gozag.
  3046 | D:3      | Found a sacrificial altar of Ru.
  3680 | D:4      | Found a staircase to the Ecumenical Temple.
  3702 | D:4      | Reached XP level 6. HP: 34/52 MP: 8/10
  3713 | Temple   | Entered the Ecumenical Temple
  3987 | Temple   | Became a worshipper of Cheibriados the Contemplative
  4381 | D:4      | Noticed Grinder
  4403 | D:4      | Killed Grinder
  4404 | D:4      | Reached skill level 5 in Unarmed Combat
  4404 | D:4      | Reached XP level 7. HP: 51/61 MP: 11/11
  4921 | D:4      | Found a glowing golden altar of the Shining One.
  5017 | D:5      | Entered Level 5 of the Dungeon
  5048 | D:5      | Reached * piety under Cheibriados
  5839 | D:5      | Reached skill level 5 in Transmutations
  5839 | D:5      | Reached XP level 8. HP: 67/69 MP: 13/13
  6000 | D:6      | Noticed Eustachio
  6024 | D:5      | Learned a level 3 spell: Spider Form
  6029 | D:5      | Learned a level 4 spell: Ice Form
  6035 | D:5      | Learned a level 5 spell: Blade Hands
  6180 | D:6      | Killed Eustachio
  6233 | D:6      | Found an ornate altar of the Wu Jian Council.
  6250 | D:6      | Found a shadowy altar of Dithmenos.
  6251 | D:6      | You fall into a shaft and drop 1 floor!
  6501 | D:6      | Found a hazy altar of Hepliaklqana.
  6501 | D:6      | Found a white marble altar of Elyvilon.
  6540 | D:7      | Found a blossoming altar of Fedhas.
  6907 | D:7      | Reached ** piety under Cheibriados
  6931 | D:7      | Noticed a vampire
  6965 | D:7      | Slain by a vampire

Illustrated notes

Levels and vault maps discovered:
D:1:      lightli_arrival_maybe_door_vault, layout_loops_cross
D:2:      layout_basic, minmay_tall_x
D:3:      layout_basic, overflow_temple_1_default, nicolae_ru_awakened_eye
D:4:      layout_gridville, minmay_temple_entry_slanted,
          kennysheep_pointless_box, kennysheep_cross_bottleneck, tso_altar,
          uniq_grinder
D:5:      layout_rooms
D:6:      cheibrodos_fzero, layout_rooms, nicolae_overflow_hidden_temple,
          ashenzari_altar_1, grunt_ministairs_2,
          grunt_dithmenos_smoke_and_mirrors, uniq_eustachio
D:7:      layout_basic, fedhas_altar_1
Temple:   eino_temple_rhombus

Skill      XL: |  1  2  3  4  5  6  7  8 |
---------------+-------------------------+-----
Fighting       | 2 3 4 |  4.1
Dodging        | 2 3 |  3.6
Unarmed Combat | 4 5 6 |  6.6
Transmutations | 3 4 5 6 |  6.1
Spellcasting   | 3 4 |  4.1

Action                   |  1- 3 |  4- 6 |  7- 9 || total
-------------------------+-------+-------+-------++-------
Melee: Unarmed           |    78 |   101 |   196 ||   375
       Headbutt          |     5 |       |       ||     5
       Punch             |     1 |     4 |     7 ||    12
 Cast: Beastly Appendage |    20 |       |       ||    20
       Spider Form       |       |       |     5 ||     5
       Ice Form          |       |       |     2 ||     2
       Blade Hands       |       |       |     1 ||     1
 Abil: Spit Poison       |    45 |    35 |    41 ||   121
  Use: Scroll            |     3 |     3 |     1 ||     7
Armor: Robe              |    27 |    74 |   147 ||   248
       Skin              |       |       |     1 ||     1
Dodge: Dodged            |    53 |    38 |   144 ||   235
       Repelled          |       |       |     1 ||     1

Table legend: (Time is in decaauts)
 A = Elapsed time spent in this place.
 B = Non-inter-level travel time spent in this place.
 C = Inter-level travel time spent in this place.
 D = Time resting spent in this place.
 E = Time spent auto-exploring this place.
 F = Levels seen in this place.
 G = Mean time per level.
                   A        B        C        D        E       F      G
               +--------+--------+--------+--------+--------+-----+--------+
         Total |   9316 |   9070 |    246 |    702 |   7036 |   8 | 1164.5 |
       Dungeon |   8874 |   8657 |    217 |    688 |   6675 |   7 | 1267.7 |
        Temple |    442 |    413 |     29 |     14 |    361 |   1 |  442.0 |
               +--------+--------+--------+--------+--------+-----+--------+

Top non-repeatable levels by time:
     D:4: 1854 daAuts
     D:2: 1803 daAuts
     D:1: 1427 daAuts
     D:3: 1381 daAuts
     D:5: 1362 daAuts
     D:7: 851 daAuts
  Temple: 442 daAuts
     D:6: 192 daAuts
